 Dungeon Crawl Stone Soup version 0.26.1-11-gd32895ea62 (webtiles) character file.

Game seed: 12611966893153427313

30 Descartes the Sneak (level 3, 0/15 HPs)
             Began as a Felid Transmuter on July 7, 2021.
             Slain by a goblin
             ... wielding a +2 dagger of venom
              (4 damage)
             ... on level 2 of the Dungeon.
             The game lasted 00:03:59 (981 turns).

Descartes the Sneak (Felid Transmuter)               Turns: 981, Time: 00:04:00

Health: 0/15       AC:  1    Str:  7    XL:     3   Next: 5%
Magic:  7/7        EV: 18    Int: 14    God:
Gold:   91         SH:  0    Dex: 16    Spells: 5/6 levels left
                                        Lives:  0   Deaths: 0

rFire    . . .     SeeInvis +     - Unarmed
rCold    . . .     Faith    .   (shield unavailable)
rNeg     . . .     Spirit   .   (armour unavailable)
rPois    .         Reflect  .   (helmet unavailable)
rElec    .         Harm     .   (cloak unavailable)
rCorr    .         Rampage  .   (gloves unavailable)
Will     .....                  (boots unavailable)
Stlth    +++.......             (no amulet)
HPRegen  0.05/turn              (no ring)
MPRegen  0.10/turn              (no ring)

@: lethally poisoned (0 -> -20), quick
A: very small, no armour, no weapons or thrown items, stealth, claws 1, fangs 3,
see invisible, speed 1, shaggy fur 1, sharp paws
a: no special abilities


You were on level 2 of the Dungeon.
You visited 1 branch of the dungeon, and saw 2 of its levels.

You collected 91 gold pieces.

Inventory:

Scrolls
 a - a scroll of identify {unknown}
 b - a scroll of random uselessness {unknown}
 c - 3 scrolls of teleportation {unknown}
 d - a scroll of fog {unknown}
 e - a scroll of enchant armour {unknown}
 f - a scroll of amnesia {unknown}
 h - a scroll of noise {unknown}
 i - a scroll of blinking {unknown}
Potions
 g - a potion of mutation {unknown}


   Skills:
 - Level 1.0 Fighting
 - Level 2.6 Dodging
 + Level 4.1 Stealth
 - Level 3.0 Unarmed Combat
 - Level 2.0 Spellcasting
 - Level 2.1 Transmutations


You had 5 spell levels left.
You knew the following spells:

 Your Spells              Type           Power        Failure   Level
a - Beastly Appendage     Tmut           14%          10%         1

Your spell library contained the following spells:

 Spells                   Type           Power        Failure   Level
 Wereblood                Tmut           7%           14%         2
 Spider Form              Tmut/Pois      2%           41%         3
 Ice Form                 Ice/Tmut       4%           83%         4
 Blade Hands              Tmut           3%           95%         5


Dungeon Overview and Level Annotations

Branches:
Dungeon (2/15)

Altars:


Innate Abilities, Weirdness & Mutations

You cannot wear armour.
You are incapable of wielding weapons or throwing items.
Your paws allow you to move quietly. (Stealth)
You have sharp claws.
You have razor-sharp teeth.
You have supernaturally acute eyesight. (SInv)
You cover ground quickly.
You are covered in fur. (AC +1)
Your sharp claws are effective at attacking unaware monsters.


Message History

Confirm with . or Enter, or press ? or * to list all spells.
You grow a pair of large bovine horns.
No target in view!
No target in view!
Your transformation is almost over.
Your horns disappear.
HP restored.
A goblin comes into view. It is wielding a +2 dagger of venom.
You closely miss the goblin. The goblin barely misses you.
You barely miss the goblin.
The goblin hits you with a +2 dagger of venom.
You are lethally poisoned!
You barely miss the goblin.
You feel sick.
The goblin hits you with a +2 dagger of venom.
You are more poisoned.
You barely miss the goblin.
* * * LOW HITPOINT WARNING * * *
You feel sick.
The goblin hits you with a +2 dagger of venom.
You die...

..#####......# #
..............# .#
..#####........ .K.. .###
#.......# .....
...#####.....##########....
............#.^......).#
...#####.............[.#
>......######..........#
######......#...@g.....#
######........†...#
###..........# #..........#
#..........# #..........#
############


You could see a goblin.

Vanquished Creatures
  A dart slug (D:1)
  A leopard gecko (D:2)
  5 goblins (D:1)
  4 hobgoblins
  2 jackals (D:1)
  A ball python (D:2)
  2 bats (D:1)
  3 frilled lizards (D:1)
  3 kobolds
  6 rats
28 creatures vanquished.

Vanquished Creatures (others)
  3 plants (D:1)
3 creatures vanquished.

Grand Total: 31 creatures vanquished

Notes
Turn   | Place    | Note
-------+----------+-------------------------------------------
     0 | D:1      | Descartes the Felid Transmuter began the quest for the Orb.
     0 | D:1      | Reached XP level 1. HP: 9/9 MP: 4/4
    92 | D:1      | Reached skill level 1 in Stealth
   170 | D:1      | Reached skill level 2 in Stealth
   223 | D:1      | Reached XP level 2. HP: 12/12 MP: 6/6
   258 | D:1      | Reached skill level 3 in Stealth
   890 | D:2      | Reached skill level 4 in Stealth
   900 | D:2      | Reached XP level 3. HP: 14/15 MP: 7/7
   981 | D:2      | Slain by a goblin

Illustrated notes

Levels and vault maps discovered:
D:1:      eino_arrival_water_cross, layout_rooms
D:2:      layout_rooms, lemuel_crystal_altar, old_standard_altar,
          overflow_temple_1_default, uniq_jessica

Skill      XL: |  1  2 |
---------------+-------+-----
Stealth        | 2 4 |  4.1
Fighting       | |  1.0
Dodging        | |  2.6
Unarmed Combat | |  3.0
Spellcasting   | |  2.0
Transmutations | |  2.1

Action                   || total
-------------------------++-------
Melee: Unarmed           ||    85
       Bite              ||     6
       Headbutt          ||     5
 Cast: Beastly Appendage ||    18
 Stab: Sleeping          ||     4
Armor: Skin              ||     6
Dodge: Dodged            ||    58
